[Event "*** Titled Tuesday Blitz"]
[Site "Chess.com"]
[Date "2018.01.02"]
[Round "8"]
[White "attack2mateU"]
[Black "51616516516"]
[Result "1-0"]
[WhiteElo "2603"]
[BlackElo "2078"]
[TimeControl "180+2"]
[EndTime "14:45:43 PST"]
[Termination "attack2mateU won by resignation"]

1. e4 c5 2. Nf3 g6 3. d4 cxd4 4.
Nxd4 Nc6 5. Nc3 Bg7 6. Be3 Nf6 7. Bc4 O-O 8. Bb3 d6 9. f3 Bd7 10. Qd2 Nxd4 11. Bxd4 b5 12. a4 b4 13. Nd5 Nxd5 14. Bxg7 Kxg7 15. exd5 a5 16. h4 h5 17. Qd4+ Kg8 18. g4 e5 19. dxe6 Bxe6 20. O-O-O Bxb3 21. cxb3 Rc8+ 22. Kb1 Rc5 23. Qxd6 Qxd6 24. Rxd6 Re8 25. Rc1 Ree5 26. Rxc5 Rxc5 27. Rb6 Kf8 28. Rb5 Rxb5 29.
axb5 Ke8 30. Kc2 Kd7 31. Kd3 Kc7 32. g5 Kb7 33. Kd4 Kb6 34. Kc4 Kb7 35. Kc5 Kc7 36. b6+ Kb7 37. Kb5 1-0

[Event "*** Titled Tuesday Blitz"]
[Site "Chess.com"]
[Date "2018.01.02"]
[Round "8"]
[White "TheBigBoss04"]
[Black "Adham_Fawzy"]
[Result "1-0"]
[WhiteElo "2494"]
[BlackElo "2404"]
[TimeControl "180+2"]
[EndTime "14:45:46 PST"]
[Termination "TheBigBoss04 won by resignation"]

1. Nf3 Nf6 2. b3 c5 3. c4 Nc6 4. Bb2 e6 5. g3 Be7 6. Bg2 O-O 7.
O-O d5 8. d4 dxc4 9. bxc4 Qc7 10.
e3 Rd8 11. Qe2 b6 12. Nc3 Bb7 13. Rfd1 cxd4 14. exd4 Na5 15. d5 Qxc4 16. dxe6 Qxe6 17. Qxe6 fxe6 18. Nb5 Nc4 19. Bd4 Nd5 20. Rac1 Nd6 21. Nxd6 Bxd6 22. Ng5 Ba3 23. Rc2 Nb4 24. Rc7 Bxg2 25.
Rxg7+ Kf8 26. Nxe6+ Ke8 27. Kxg2 Rd7 28. Nc7+ Rxc7 29.
Rxc7 Rd8 30. Re1+ Kf8 31. Re4 Nd5 32. Rxh7 1-0

[Event "*** Titled Tuesday Blitz"]
[Site "Chess.com"]
[Date "2018.01.02"]
[Round "8"]
[White "Indianlad"]
[Black "kikydu96"]
[Result "1-0"]
[WhiteElo "2658"]
[BlackElo "2439"]
[TimeControl "180+2"]
[EndTime "14:45:56 PST"]
[Termination "Indianlad won by checkmate"]

1. d4 d5 2. Nf3 Nf6 3. Bf4 c5 4. e3 Nc6 5. Nbd2 Bf5 6. dxc5 e6 7. Nd4 Bg6 8. Bb5 Rc8 9. b4 Be7 10. Nxc6 bxc6 11. Ba6 Rb8 12. Bxb8 Qxb8 13. Rb1 O-O 14. O-O e5 15. Nf3 e4 16. Nd4 Qc7 17. c3 h5 18.
h3 Nd7 19. Be2 Ne5 20. Bxh5 Nf3+ 21. Bxf3 exf3 22. Qxf3 Bxb1 23. Rxb1 Rb8 24. Rd1 a5 25.
a3 axb4 26. axb4 Ra8 27. e4 Ra2 28. exd5 cxd5 29. Qxd5 Rb2 30. Qa8+ Kh7 31. Qe4+ g6 32. Qf3 Bh4 33. g3 Bg5 34. h4 Bh6 35. h5 gxh5 36. Qf5+ Kg7 37. Qxh5 Bd2 38. Nf5+ Kf6 39. Nd6 Bxc3 40.
Ne8+ Ke7 41. Nxc7 Bxb4 42. Qe5+ Kf8 43. Rd8# 1-0

[Event "*** Titled Tuesday Blitz"]
[Site "Chess.com"]
[Date "2018.01.02"]
[Round "8"]
[White "VerdeNotte"]
[Black "Kirill_Klukin"]
[Result "1-0"]
[WhiteElo "2666"]
[BlackElo "2454"]
[TimeControl "180+2"]
[EndTime "14:46:10 PST"]
[Termination "VerdeNotte won by resignation"]

1. g3 Nf6 2. Bg2 g6 3. e4 Bg7 4. e5 Ng8 5. d4 d6 6. exd6 cxd6 7. Nf3 Nf6 8. O-O O-O 9. Re1 e6 10. b3 Bd7 11. Ba3 Bc6 12. c4 Re8 13. Nc3 a6 14.
Rc1 b5 15. d5 exd5 16. Rxe8+ Nxe8 17. Nxd5 bxc4 18. Rxc4 Bb5 19. Rc8 Qa5 20. Bxd6 Qxa2 21. Bxb8 Bf8 22. Nb6 Rxb8 23. Rxb8 Bc5 24. Qe1 Kg7 25.
h4 Nf6 26. Nd5 Nxd5 27. Qe5+ Kh6 28. Qxd5 Qxf2+ 29. Kh2 Bf1 30. Qd2+ 1-0

[Event "*** Titled Tuesday Blitz"]
[Site "Chess.com"]
[Date "2018.01.02"]
[Round "8"]
[White "asms9699"]
[Black "ChainsOfFantasia"]
[Result "1-0"]
[WhiteElo "2511"]
[BlackElo "2462"]
[TimeControl "180+2"]
[EndTime "14:46:24 PST"]
[Termination "asms9699 won by checkmate"]

1. c4 e6 2. g3 d5 3. Bg2 Nf6 4. Nf3 Be7 5. O-O O-O 6. b3 c5 7. e3 Nc6 8. Bb2 d4 9. exd4 cxd4 10. Re1 Ne8 11. Na3 f6 12. Nc2 e5 13. d3 Nc7 14.
a3 a5 15. Rb1 Bd7 16. Bc1 b5 17. b4 axb4 18. axb4 Kh8 19. Nh4 g5 20. Nf3 Rb8 21.
Bd2 Bg4 22. h3 Bf5 23. Nxg5 fxg5 24. Bxc6 Bxd3 25. Bxg5 Bxc2 26. Bxe7 Bxd1 27. Bxd8 Rfxd8 28. Rbxd1 bxc4 29. Rxe5 c3 30. Be4 Rd7 31. Rc5 Rxb4 32. Rxc3 dxc3 33. Rxd7 Ne6 34. Bxh7 Nf8 35. Rc7 Nxh7 36.
Rxc3 Rb1+ 37. Kg2 Rb7 38. g4 Kg7 39. Kg3 Nf6 40. f3 Rd7 41. h4 Rd2 42. Rc7+ Nd7 43. g5 Kg6 44. f4 Rd4 45. Ra7 Nc5 46. Kg4 Ne6 47. h5# 1-0

[Event "*** Titled Tuesday Blitz"]
[Site "Chess.com"]
[Date "2018.01.02"]
[Round "8"]
[White "PowerThinking2650"]
[Black "Laico"]
[Result "1-0"]
[WhiteElo "2202"]
[BlackElo "2149"]
[TimeControl "180+2"]
[EndTime "14:46:40 PST"]
[Termination "PowerThinking2650 won by checkmate"]

1. e4 e6 2. d4 d5 3. Nd2 Nf6 4. e5 Nfd7 5. c3 c5 6. Ndf3 Nc6 7. Bd3 Qb6 8. Ne2 f6 9. exf6 Nxf6 10. O-O Bd6 11. Bf4 Bxf4 12. Nxf4 Qxb2 13. Re1 O-O 14. Ng5 Qxc3 15. Nfxe6 Bxe6 16. Nxe6 Rfe8 17. Rc1 Qa3 18.
Re3 Qxa2 19. Ra1 Qb2 20. Rb1 Qa2 21. Rxb7 cxd4 22. Rxg7+ Kh8 23. Rh3 Ne5 24. Rhxh7+ Nxh7 25. Rxh7+ Kg8 26. Rg7+ Kh8 27. Qh5# 1-0

[Event "*** Titled Tuesday Blitz"]
[Site "Chess.com"]
[Date "2018.01.02"]
[Round "8"]
[White "IamSchrodingersCat"]
[Black "Maitreia"]
[Result "0-1"]
[WhiteElo "2373"]
[BlackElo "2542"]
[TimeControl "180+2"]
[EndTime "14:46:48 PST"]
[Termination "Maitreia won by resignation"]

1. e4 c5 2. Nf3 d6 3. d4 Nf6 4. Nc3 cxd4 5. Nxd4 g6 6. Be3 Bg7 7. f3 O-O 8. Qd2 Nc6 9. O-O-O d5 10. Qe1 e5 11.
Nxc6 bxc6 12. exd5 Nxd5 13. Bc4 Be6 14. Ne4 h6 15. g4 Re8 16. h4 Qc7 17. Bc5 a5 18. g5 h5 19. Qf2 a4 20. a3 Rab8 21. Bd6 Qb7 22. Bxb8 Rxb8 23. c3 Bf8 24. Rh2 Nxc3 25. Nxc3 Bxc4 26. Ne4 Bxa3 27. Rd7 Qb3 28. Qc2 Qe3+ 29. Kb1 Bd5 30. Nf6+ Kg7 31. Ka1 Bxb2+ 32. Qxb2 Rxb2 33. Rxb2 Qe1+ 34. Rb1 Qc3+ 35. Rb2 a3 36. Rb7 axb2+ 37. Rxb2 Bxf3 38. Kb1 Be4+ 39. Ka1 Qa3+ 0-1

[Event "*** Titled Tuesday Blitz"]
[Site "Chess.com"]
[Date "2018.01.02"]
[Round "8"]
[White "Tonychess32"]
[Black "Kaphrep"]
[Result "0-1"]
[WhiteElo "2436"]
[BlackElo "2644"]
[TimeControl "180+2"]
[EndTime "14:46:57 PST"]
[Termination "Kaphrep won on time"]

1. e4 e5 2. Nf3 Nc6 3. Bc4 Bc5 4. d3 Nf6 5. O-O d6 6. c3 a5 7. a4 h6 8. h3 O-O 9. Re1 Re8 10.
Bb3 Ba7 11. Nbd2 Ne7 12. Nf1 Ng6 13. Ng3 d5 14. Qe2 Nf4 15. Qf1 dxe4 16. dxe4 Qd3 17. Bxf4 Qxf1+ 18. Kxf1 exf4 19. Ne2 Nxe4 20. Nxf4 Bxf2 21.
Rxe4 Rxe4 22. Kxf2 Rxf4 23. Re1 Kf8 24. Kg3 Rf6 25. Ne5 Be6 26. Bc2 Rd8 27. Re2 g5 28. Nf3 Rf4 29. Nd4 Bc4 30. Re3 c5 31. Nf3 f6 32.
Bg6 Bf7 33. Bb1 h5 34. h4 Rg4+ 35. Kf2 gxh4 36. Bf5 Rxa4 37. Re2 Rf4 38. Ke3 Rxf5 0-1

[Event "*** Titled Tuesday Blitz"]
[Site "Chess.com"]
[Date "2018.01.02"]
[Round "8"]
[White "DrZeiss"]
[Black "SanQui14"]
[Result "0-1"]
[WhiteElo "2163"]
[BlackElo "2191"]
[TimeControl "180+2"]
[EndTime "14:47:01 PST"]
[Termination "SanQui14 won on time"]

1. e4 c5 2. Nf3 e6 3. d4 cxd4 4. Nxd4 a6 5. Nc3 Nf6 6. e5 Ng8 7. Ne4 Qa5+ 8. Qd2 Qxe5 9. Qe3 d5 10. Nc3 Qxe3+ 11. Bxe3 Nc6 12. O-O-O Nf6 13. f3 Be7 14. g4 h6 15. h4 Nd7 16. Bg2 Nc5 17.
f4 Bd7 18. g5 Kd8 19. Nf3 Kc7 20. f5 Rae8 21. f6 gxf6 22. gxf6 Bd6 23. Bh3 Rhg8 24. Rhg1 h5 25. Ng5 Ref8 26. Nh7 Rxg1 27. Rxg1 Rh8 28. Rg7 d4 29. Bxd4 Nxd4 30. Rxf7 Nf5 31. b4 Na4 32.
Nxa4 Bxb4 33. Ng5 Kd6 34. c3 Ba3+ 35. Nb2 Rc8 36. Ne4+ Ke5 37. Rxd7 Kxe4 38. Bg2+ Kf4 39. Kc2 Ne3+ 40. Kb3 Bxb2 41. Bxb7 Rb8 42. Kxb2 Nc4+ 43. Kc1 Ne5 44. Rc7 a5 45. f7 Kf5 46. Bc8 Ng6 0-1

[Event "*** Titled Tuesday Blitz"]
[Site "Chess.com"]
[Date "2018.01.02"]
[Round "8"]
[White "abruptum"]
[Black "pandamaster3000"]
[Result "1-0"]
[WhiteElo "2311"]
[BlackElo "2254"]
[TimeControl "180+2"]
[EndTime "14:47:03 PST"]
[Termination "abruptum won by resignation"]

1. d4 Nf6 2. c4 g6 3. Nc3 Bg7 4. e4 d6 5. Be2 O-O 6. Bg5 Na6 7. f4 c5 8. d5 Qa5 9. Bf3 e6 10. Ne2 exd5 11. exd5 Re8 12. O-O Bf5 13. Ng3 Bd7 14. f5 Qb4 15. Be2 Qxb2 16. Nb5 Bxb5 17. cxb5 Nc7 18. Rb1 Qe5 19. Bf4 Qxd5 20. Bxd6 Qxd1 21.
Rbxd1 Ncd5 22. Bf3 Ne3 23. Bxb7 Nxf1 24. Bxa8 Nxg3 25. Bc6 Ne2+ 26. Kf1 Nc3 27. Rc1 Rd8 28. Bxc5 Nce4 29. Bxa7 Bh6 30. Re1 Nd2+ 31. Kg1 Bf8 32. a4 Nc4 33. Rc1 Na5 34. Bb6 Nb3 35. Bxd8 Nxc1 36.
Bxf6 Bc5+ 37. Kf1 Nb3 38. fxg6 hxg6 39. Bc3 Bb6 40. Bd5 Na5 41. h4 Kf8 42. g4 Ke7 43.
h5 gxh5 44. gxh5 f5 45. h6 1-0

[Event "*** Titled Tuesday Blitz"]
[Site "Chess.com"]
[Date "2018.01.02"]
[Round "8"]
[White "littleozy"]
[Black "Squirlolz"]
[Result "1-0"]
[WhiteElo "2405"]
[BlackElo "2462"]
[TimeControl "180+2"]
[EndTime "14:47:04 PST"]
[Termination "littleozy won by resignation"]

1. d4 Nf6 2. c4 e6 3. Nf3 c5 4. d5 d6 5. g3 exd5 6. cxd5 g6 7. Bg2 Bg7 8. O-O O-O 9. Nc3 Nbd7 10. Bf4 Qe7 11.
Nd2 Nh5 12. Be3 Ne5 13. Nde4 f5 14. Bg5 Qc7 15. Nd2 h6 16. Bf4 Nxf4 17. gxf4 Nf7 18. Kh1 Bd7 19. Rg1 b5 20. a4 b4 21. Nb5 Bxb5 22.
axb5 Bxb2 23. Ra6 Kh7 24. Nc4 Bg7 25. e4 fxe4 26. Bxe4 Nh8 27. Qg4 Rf6 28. Ne5 Qe7 29. Bxg6+ Nxg6 30. Nxg6 Qe4+ 31. f3 Qxg6 32. Qd7 Qf7 33.
Rxd6 Rxd6 34. Qxf7 Rg8 35. Qe7 Rf6 36. Rxg7+ Rxg7 37. Qxf6 b3 38. Qc3 c4 39. Qxc4 1-0

[Event "*** Titled Tuesday Blitz"]
[Site "Chess.com"]
[Date "2018.01.02"]
[Round "8"]
[White "viktorskliarov"]
[Black "Bryakin_Mikhail"]
[Result "0-1"]
[WhiteElo "2429"]
[BlackElo "2527"]
[TimeControl "180+2"]
[EndTime "14:47:16 PST"]
[Termination "Bryakin_Mikhail won by checkmate"]

1. e4 c6 2. d4 d5 3. e5 Bf5 4.
Nf3 e6 5. Be2 Nd7 6. O-O h6 7. Nbd2 Ne7 8. Nb3 Bh7 9. a4 Nf5 10. a5 a6 11. c4 dxc4 12. Bxc4 Be7 13. Bd2 O-O 14. Bc3 Qc7 15. Rc1 Rad8 16. Qe2 Qb8 17.
Rfd1 Nh4 18. Nxh4 Bxh4 19. g3 Be7 20. Nd2 Rfe8 21. b4 Nf8 22. Ne4 Ng6 23. h4 Bf8 24. h5 Ne7 25. Nd6 Rxd6 26. exd6 Qxd6 27. Bd3 Bxd3 28.
Rxd3 Nd5 29. Bd2 Qd7 30. Rb3 Be7 31. Qf3 Bf6 32. Rd3 Rd8 33. Kg2 Qe7 34. Rc5 Nc7 35.
Bf4 Nb5 36. Be5 Bg5 37. Rc4 Rd5 38. Rc5 Rd7 39. Qe4 Rd5 40. f4 Bf6 41. Bxf6 Qxf6 42.
Rxd5 cxd5 43. Qe5 Qe7 44. Qb8+ Kh7 45. Rd1 Nd6 46. Rc1 Nc4 47. Rb1 Qf6 48. Qxb7 Qxd4 49. Qxf7 Qe4+ 50. Kh3 Qxb1 51. Qxe6 Qe4 52. Qd7 Qh1+ 53.
Kg4 Ne3# 0-1

[Event "*** Titled Tuesday Blitz"]
[Site "Chess.com"]
[Date "2018.01.02"]
[Round "8"]
[White "jposthuma"]
[Black "nicegg"]
[Result "1-0"]
[WhiteElo "2323"]
[BlackElo "1999"]
[TimeControl "180+2"]
[EndTime "14:47:16 PST"]
[Termination "jposthuma won on time"]

1. d4 Nf6 2. c4 e6 3. g3 Bb4+ 4. Nd2 c5 5. a3 Bxd2+ 6. Qxd2 cxd4 7. Nf3 Nc6 8. Nxd4 d5 9. Bg2 O-O 10. O-O e5 11. Nxc6 bxc6 12. cxd5 cxd5 13. b4 Bb7 14. Bb2 Re8 15. Rfd1 Qb6 16. Rac1 Rad8 17. e3 h5 18. h3 Ne4 19. Qc2 h4 20. g4 f6 21. Qc7 Rd6 22. Bxe4 Red8 23. Bf5 d4 24. Qxb6 axb6 25. exd4 exd4 26. Rc7 Bf3 27. Rd2 d3 28. Rc1 Be2 29. f4 Kf7 30. Kf2 g6 31. Rc7+ Kf8 32.
Bxg6 f5 33. Bg7+ Kg8 34. Bxf5 b5 35. Be5 Rb6 36. Bh7+ Kf8 37. Bg7+ Ke8 38. f5 1-0

[Event "*** Titled Tuesday Blitz"]
[Site "Chess.com"]
[Date "2018.01.02"]
[Round "8"]
[White "sergeikim"]
[Black "milovanratkovic"]
[Result "0-1"]
[WhiteElo "2357"]
[BlackElo "2466"]
[TimeControl "180+2"]
[EndTime "14:47:18 PST"]
[Termination "milovanratkovic won on time"]

1. d4 d5 2. c4 dxc4 3. e3 e5 4. Bxc4 Nc6 5. Nf3 e4 6. Nfd2 Qg5 7. Nxe4 Qxg2 8. Ng3 Nf6 9. Bf1 Qd5 10. Nc3 Bb4 11.
Bd2 Qd8 12. Bg2 O-O 13. O-O Be6 14. Rc1 Qd7 15. a3 Bxc3 16. bxc3 Bh3 17. e4 Bxg2 18. Kxg2 Ne7 19. Bg5 Qc6 20. d5 Qa6 21. c4 Ng6 22. f4 h6 23. Bxf6 Qxf6 24. e5 Nxf4+ 25. Kh1 Qxe5 26.
Qf3 Ng6 27. Rce1 Qd4 28. Re4 Qd2 29. Nf5 b5 30. Rd4 Qb2 31. c5 Rae8 32. d6 cxd6 33. cxd6 Re2 34. Qg3 Rd2 35. Re4 Kh7 36. Re7 Nxe7 37.
dxe7 Re8 38. Qh4 Qc2 39. Qg3 Qc6+ 40. Kg1 Qg6 0-1

[Event "*** Titled Tuesday Blitz"]
[Site "Chess.com"]
[Date "2018.01.02"]
[Round "8"]
[White "Vamostodorecto"]
[Black "Angry_Serb"]
[Result "0-1"]
[WhiteElo "2354"]
[BlackElo "2427"]
[TimeControl "180+2"]
[EndTime "14:47:24 PST"]
[Termination "Angry_Serb won by resignation"]

1. d4 d5 2. c4 e6 3. Nc3 c5 4. cxd5 exd5 5. Nf3 Nc6 6. g3 Nf6 7. Bg2 Be7 8. Bg5 O-O 9. O-O c4 10. Ne5 Be6 11. Nxc6 bxc6 12. Qc2 h6 13. Bf4 Qa5 14.
Rad1 Rfd8 15. e4 dxe4 16. Nxe4 Nd5 17. Nc3 Nxf4 18. gxf4 Rac8 19. f5 Bxf5 20. Be4 Bh3 21. Rfe1 Bf6 22. Re3 Qh5 23. d5 Bxc3 24. bxc3 cxd5 25.
Bf3 Bg4 26. Bxg4 Qxg4+ 27. Rg3 Qe4 28. Qd2 Qe6 29. Re1 Qf6 30. Kh1 d4 31. Reg1 d3 32. f3 Kh7 33. Qg2 g6 34. Qd2 Rc5 35. Rh3 h5 36. Rg4 Re8 37. Rf4 Re1+ 38. Qxe1 Qxf4 39. Qe7 Rg5 40. Rg3 Rxg3 41. hxg3 Qxf3+ 42. Kh2 d2 0-1

[Event "*** Titled Tuesday Blitz"]
[Site "Chess.com"]
[Date "2018.01.02"]
[Round "8"]
[White "FrankieJay"]
[Black "juniortay"]
[Result "0-1"]
[WhiteElo "2265"]
[BlackElo "2299"]
[TimeControl "180+2"]
[EndTime "14:47:25 PST"]
[Termination "juniortay won by checkmate"]

1. c4 g6 2. Nc3 Bg7 3. d4 Nf6 4. e4 d6 5. Nf3 O-O 6. h3 c5 7. d5 b5 8. cxb5 a6 9. bxa6 Qa5 10. Bd3 Bxa6 11. O-O Nbd7 12. Bxa6 Qxa6 13. Qc2 Rfb8 14. Re1 Ne8 15. Bf4 Qc4 16. Nd2 Qb4 17. Rab1 Ne5 18. b3 Nc7 19. Re3 Nb5 20. Nxb5 Rxb5 21. Bxe5 Bxe5 22. Nc4 Bd4 23. a3 Rxa3 24. Nxa3 Qxa3 25.
Rd3 Rb4 26. Rbd1 Qa7 27. Kh1 Qb6 28. f4 f6 29. Rf3 Kg7 30. Qa2 Qb7 31. Qc2 Qb6 32. Re1 Rb5 33. Rd1 Rb4 34. Qb1 c4 35.
e5 dxe5 36. fxe5 Bxe5 37. Re1 Qd6 38. Qc2 c3 39. Rd3 h5 40. Re2 h4 41. Qd1 Rf4 42. Qc2 Rf1# 0-1

[Event "*** Titled Tuesday Blitz"]
[Site "Chess.com"]
[Date "2018.01.02"]
[Round "8"]
[White "Dr-Bassem"]
[Black "ftorodent"]
[Result "1-0"]
[WhiteElo "2646"]
[BlackElo "2514"]
[TimeControl "180+2"]
[EndTime "14:47:29 PST"]
[Termination "Dr-Bassem won by resignation"]

1. e4 e6 2. d3 d5 3. Nd2 c5 4. Ngf3 Nc6 5. g3 g6 6. Bg2 Bg7 7. O-O Nf6 8. Re1 O-O 9. c3 a5 10. a4 b6 11. Nb1 dxe4 12. dxe4 Qxd1 13. Rxd1 Ba6 14. Bf4 Rfd8 15. Re1 Bd3 16. Nbd2 h6 17. Bf1 g5 18. Bxd3 Rxd3 19. Be3 Ng4 20. Nc4 Rb8 21. Rad1 Rxd1 22. Rxd1 Nge5 23. Nfxe5 Nxe5 24. Na3 Kf8 25. h3 Ke7 26. f4 gxf4 27. gxf4 Nd7 28. Kf2 h5 29.
Kf3 Bh6 30. Nc4 e5 31. f5 Bxe3 32. Nxe3 Nf6 33. Nc4 h4 34. Nxe5 Rg8 35. Nc6+ Kf8 36. Rd8+ Ne8 37. Kf4 Rg3 38. f6 Rg1 39. Ne5 1-0

[Event "*** Titled Tuesday Blitz"]
[Site "Chess.com"]
[Date "2018.01.02"]
[Round "8"]
[White "Muracle"]
[Black "SergeiAza"]
[Result "1-0"]
[WhiteElo "2523"]
[BlackElo "2652"]
[TimeControl "180+2"]
[EndTime "14:47:32 PST"]
[Termination "Muracle won by resignation"]

1. Nf3 Nf6 2. g3 b5 3. Bg2 Bb7 4. O-O e6 5. b3 c5 6. Bb2 Be7 7.
d3 d6 8. c4 a6 9. a4 b4 10. e4 Nc6 11. Nbd2 O-O 12. Qe2 Nd7 13. Rad1 Bf6 14. Bxf6 Qxf6 15. Rfe1 Nde5 16. Nxe5 dxe5 17. Nf3 Rad8 18. Qe3 Qe7 19. h4 Rd6 20. h5 Rd7 21. h6 g6 22. Nh2 Rfd8 23. Ng4 f6 24. f4 exf4 25. Qxf4 Rf8 26. Rf1 f5 27. exf5 exf5 28. Bd5+ Rxd5 29. cxd5 Nd4 30. Rde1 Qd7 31. Qe5 Qf7 32.
Qd6 Kh8 33. Ne5 Qf6 34. Qxf6+ Rxf6 35. Nd7 1-0

[Event "*** Titled Tuesday Blitz"]
[Site "Chess.com"]
[Date "2018.01.02"]
[Round "8"]
[White "evgenysharapov"]
[Black "chessdjw"]
[Result "1-0"]
[WhiteElo "2386"]
[BlackElo "2515"]
[TimeControl "180+2"]
[EndTime "14:47:38 PST"]
[Termination "evgenysharapov won by checkmate"]

1. e4 e5 2. Nf3 Nc6 3. Bb5 a6 4.
Ba4 Nf6 5. O-O Be7 6. Re1 b5 7.
Bb3 d6 8. c3 O-O 9. h3 Nb8 10.
d4 Nbd7 11. Bc2 Bb7 12. b3 Re8 13. Nbd2 Bf8 14. d5 c6 15. c4 a5 16. a4 bxc4 17.
bxc4 Nc5 18. Ba3 Qc7 19. Rb1 Rab8 20. Nf1 Ba6 21. Bxc5 dxc5 22. Ne3 Rb4 23. Rxb4 cxb4 24. Nd2 cxd5 25. Nxd5 Nxd5 26. cxd5 Rc8 27. Bb3 Qc3 28. Nf3 Bc5 29. d6 Bd4 30. Ng5 Qg3 31. Nxf7 Bxf2+ 32. Kh1 Bxe1 33. d7 h6 34. dxc8=Q+ Bxc8 35. Ng5+ Kf8 36. Qd8# 1-0

[Event "*** Titled Tuesday Blitz"]
[Site "Chess.com"]
[Date "2018.01.02"]
[Round "8"]
[White "Incognito_Knight"]
[Black "Msb2"]
[Result "0-1"]
[WhiteElo "2544"]
[BlackElo "2740"]
[TimeControl "180+2"]
[EndTime "14:47:43 PST"]
[Termination "Msb2 won on time"]

1. e4 e6 2. d4 d5 3. Nd2 c5 4. exd5 Qxd5 5. dxc5 Nf6 6. Ngf3 Qxc5 7. Bd3 Qc7 8. O-O Nbd7 9. Qe2 Nc5 10. Bb5+ Bd7 11. Bxd7+ Ncxd7 12. c4 Bd6 13. b3 O-O 14. Bb2 Rfd8 15.
Rfd1 h6 16. Ne4 Be7 17. Ng3 Nf8 18. Ne5 Rxd1+ 19. Rxd1 Rd8 20. Rd3 Rxd3 21. Qxd3 Bd6 22. Nf3 Ng6 23. Bxf6 gxf6 24. Qd4 f5 25. Qxa7 Bc5 26.
Qa8+ Kh7 27. Nh5 Nf4 28. Nf6+ Kg6 29. Ne8 Qe7 30. Ne5+ Kh7 31. Qc8 Qg5 32. g3 Bd4 33.
Nxf7 Qg4 34. Ng5+ hxg5 35. Qd7+ Kh6 0-1

[Event "*** Titled Tuesday Blitz"]
[Site "Chess.com"]
[Date "2018.01.02"]
[Round "8"]
[White "Korchmar_Vasiliy"]
[Black "eldur16"]
[Result "1-0"]
[WhiteElo "2552"]
[BlackElo "2505"]
[TimeControl "180+2"]
[EndTime "14:47:48 PST"]
[Termination "Korchmar_Vasiliy won by resignation"]

1. d4 Nf6 2. Nf3 g6 3. Bg5 Bg7 4. Nbd2 d6 5. e3 O-O 6. Bd3 c5 7. c3 b6 8. O-O Bb7 9. a4 Nc6 10. Re1 h6 11. Bh4 g5 12. Bg3 Nh5 13.
Nxg5 Nxg3 14. Nh7 Re8 15. hxg3 e6 16. Qh5 Qe7 17. g4 f6 18. Nf3 Red8 19. Nh4 Qe8 20.
Bg6 Qd7 21. d5 Ne5 22. dxe6 Qxe6 23. Nf5 Rd7 24. Nxh6+ Bxh6 25. Qxh6 Nxg4 26. Qh5 Rg7 27. Bf5 Qe5 28. f4 Nxe3 29. Nxf6+ Qxf6 30. Rxe3 Rxg2+ 31. Kf1 Qg7 32. Re8+ Rxe8 33. Qxe8+ Qf8 34. Be6+ Kg7 35. Qd7+ Kh6 36. Qxb7 Rg6 37. Qe4 Qf6 38. f5 Rg5 39. Kf2 Kg7 40. Rh1 1-0

[Event "*** Titled Tuesday Blitz"]
[Site "Chess.com"]
[Date "2018.01.02"]
[Round "8"]
[White "Ginger_GM"]
[Black "TregubovP"]
[Result "1-0"]
[WhiteElo "2479"]
[BlackElo "2497"]
[TimeControl "180+2"]
[EndTime "14:47:51 PST"]
[Termination "Ginger_GM won on time"]

1. d4 Nf6 2. g4 Nxg4 3. e4 d5 4. Be2 h5 5. exd5 Qxd5 6. Nf3 e6 7. Rg1 b6 8. h3 Nf6 9. Nc3 Qd8 10. Bf4 Bb7 11. Qd2 Nc6 12. O-O-O g6 13. d5 exd5 14. Nb5 Rc8 15. Bd3 Be7 16. Rde1 Ne4 17. Bxe4 dxe4 18.
Qc3 O-O 19. Rxe4 Bf6 20. Qe3 Ne7 21. Rd1 Nf5 22. Qe1 Bxe4 23. Rxd8 Bxf3 24. Rxc8 Rxc8 25. Nxc7 Nd4 26. Qe3 Bb7 27. Kb1 Nf5 28. Qd2 Rd8 29. Qe1 Nd4 30. a3 Nf3 31. Qe3 Nd2+ 32. Ka2 Nc4 33.
Qe2 Nxb2 34. Be5 Bxe5 35. Qxe5 Nc4 36. Qe7 Rc8 37. Ne8 Nd2 38. Kb2 Bc6 39. Nd6 Rf8 40.
Qe3 1-0

[Event "*** Titled Tuesday Blitz"]
[Site "Chess.com"]
[Date "2018.01.02"]
[Round "8"]
[White "ChEsper99"]
[Black "Kimster98"]
[Result "0-1"]
[WhiteElo "1993"]
[BlackElo "2470"]
[TimeControl "180+2"]
[EndTime "14:47:54 PST"]
[Termination "Kimster98 won on time"]

1. e4 e5 2. Nf3 Nc6 3. d4 exd4 4. Nxd4 Nf6 5. Nxc6 bxc6 6. Qe2 d5 7. exd5+ Be7 8.
dxc6 O-O 9. Nc3 Re8 10. Be3 Bc5 11. Qd2 Bxe3 12. Qxd8 Bxf2+ 13. Kxf2 Rxd8 14. Be2 Bf5 15. Rac1 Ne4+ 16. Nxe4 Bxe4 17. Rhd1 Bxc6 18. Rxd8+ Rxd8 19. Rd1 Rxd1 20. Bxd1 Kf8 21. g3 Ke7 22. Ke3 Kd6 23. Be2 Bd7 24. Kd4 c5+ 25. Ke3 g5 26. c3 Ke5 27.
Bd3 f5 28. b4 f4+ 29. gxf4+ gxf4+ 30. Kf2 cxb4 31. cxb4 h6 32. Bh7 Bc6 33. Bg8 Kd4 34.
a3 Kc3 35. h4 Kb2 36. Bc4 Kxa3 37. b5 Be4 38. Be6 Kb4 39. Bd7 Kc5 40. Be8 Bd5 41.
Bd7 Be4 42. Be8 Kd4 43. Bd7 Ke5 44. Be8 Bb7 45. Kg1 Kf5 46. Kh2 Kg4 47. Bc6 Bc8 0-1

[Event "*** Titled Tuesday Blitz"]
[Site "Chess.com"]
[Date "2018.01.02"]
[Round "8"]
[White "AndrewMcStone"]
[Black "aa175"]
[Result "1-0"]
[WhiteElo "2048"]
[BlackElo "1889"]
[TimeControl "180+2"]
[EndTime "14:47:56 PST"]
[Termination "AndrewMcStone won by checkmate"]

1. d4 d5 2. c4 dxc4 3. e4 g6 4. Bxc4 Bg7 5. Nf3 Nf6 6. Nc3 O-O 7. O-O c6 8. h3 Nbd7 9. Be3 b5 10. Bd3 b4 11.
Na4 Nb6 12. Nc5 Nfd7 13. Rc1 Nxc5 14. Rxc5 a5 15. Rxc6 Bd7 16. Rc2 a4 17. Qd2 b3 18.
axb3 axb3 19. Rc3 Be6 20. Rc6 Ra2 21. Rb1 Na4 22. Bc4 Qd7 23. Rxe6 fxe6 24. Bxb3 Nc5 25. dxc5 Qxd2 26. Bxd2 Rxb2 27. Rxb2 Bxb2 28. Bxe6+ Kg7 29. c6 Kf6 30. Bd7 Be5 31. Nxe5 Kxe5 32. f3 Kd6 33. Be1 Kc7 34. Bg3+ Kd8 35. Kf2 Rf6 36. Ke3 Rf8 37. e5 Rg8 38. e6 Rf8 39. c7# 1-0

[Event "*** Titled Tuesday Blitz"]
[Site "Chess.com"]
[Date "2018.01.02"]
[Round "8"]
[White "Al_Shima"]
[Black "JammyDodger91"]
[Result "1-0"]
[WhiteElo "2217"]
[BlackElo "2368"]
[TimeControl "180+2"]
[EndTime "14:48:03 PST"]
[Termination "Al_Shima won by resignation"]

1. b3 g6 2. Bb2 Nf6 3. Bxf6 exf6 4. c4 b6 5. Nf3 Bb7 6. g3 h5 7.
Bg2 Bg7 8. Nc3 f5 9. e3 Na6 10.
d4 c5 11. O-O cxd4 12. exd4 O-O 13. Rc1 Re8 14. d5 d6 15. Nd4 h4 16. Nc6 Qf6 17. Nb5 f4 18. Ncxa7 Bh6 19. Qf3 Kg7 20. g4 h3 21. Bxh3 Rh8 22. Bg2 Qh4 23. Nc6 Bg5 24.
h3 Nc5 25. a4 Nd7 26. Nxd6 Bxc6 27. dxc6 Ne5 28. Qc3 Bf6 29. Ne4 f3 30. Nxf6 Qxf6 31.
Rfe1 Rae8 32. Bf1 Qf4 33. Re3 f6 34. Rce1 Rd8 35. Rxe5 fxe5 36. Rxe5 Kh6 37. Re7 Rh7 38. Rxh7+ Kxh7 39. c5 Rd1 40. cxb6 Rc1 41. Qd3 Qe5 42. c7 Rb1 43. Qxf3 1-0

[Event "*** Titled Tuesday Blitz"]
[Site "Chess.com"]
[Date "2018.01.02"]
[Round "8"]
[White "CookiesAndIceCream"]
[Black "Hanging_pointer"]
[Result "0-1"]
[WhiteElo "2103"]
[BlackElo "2250"]
[TimeControl "180+2"]
[EndTime "14:48:10 PST"]
[Termination "Hanging_pointer won by checkmate"]

1. e4 c5 2. Nf3 e6 3. d4 cxd4 4. Nxd4 Nc6 5. Nc3 Qc7 6. Be3 a6 7. Qf3 d6 8. Qg3 Bd7 9. O-O-O Rc8 10. Kb1 b5 11. Nxc6 Bxc6 12. Bd3 Nf6 13. f4 b4 14. Ne2 Nxe4 15. Qh3 Be7 16. f5 e5 17. Qg4 h5 18.
Qh3 Nf6 19. Bg5 d5 20. Rhe1 e4 21. Nd4 exd3 22. Rxd3 Kf8 23. Rde3 Bc5 24. Bxf6 gxf6 25. Qh4 Bxd4 26. Qxd4 Rh6 27. Qxb4+ Kg7 28. Re7 Bd7 29. c3 Bxf5+ 30. Ka1 Qc5 31. Qf4 Bg6 32. Rd7 h4 33.
Rd6 f5 34. Qe5+ Kh7 35. Qf6 Qf2 36. Rc1 Rb8 37. Rb1 Qxg2 38. Rd7 Rf8 39. Qd6 Kg8 40. Rd8 Rxd8 41. Qxd8+ Kh7 42. Re1 f4 43. a3 Qc2 44.
Qf6 Rh5 45. Re8 Qb1# 0-1